 Dungeon Crawl Stone Soup version 0.31-a0-662-g684573625c (webtiles) character file.

Game seed: 13305776897498021859

2893 Pooter the Trooper (level 9, -7/121 HPs)
             Began as a Minotaur Berserker on Aug 31, 2023.
             Was a Believer of Trog.
             Mangled by Grum
             ... wielding a -1 spear
              (10 damage)
             ... on level 8 of the Dungeon.
             The game lasted 00:29:00 (7447 turns).

Pooter the Trooper (Minotaur Berserker)             Turns: 7447, Time: 00:29:00

Health: -7/121     AC:  7    Str: 24    XL:     9   Next: 48%
Magic:  8/8        EV: 11    Int:  4    God:    Trog [**....]
Gold:   187        SH:  0    Dex: 12    Spells: 8/8 levels left

rFire   + + .        a - +3 broad axe (heavy)
rCold   x . .        (no shield)
rNeg    + . .        v - +2 ring mail {rF+}
rPois   +            (helmet restricted)
rElec   .            (no cloak)
rCorr   .            (no gloves)
SInv    .            (no boots)
Will    .....        (no amulet) Stlth
                     r - ring "Zotz" {Fire rPois rN+ Str-2 Dex+2}
HPRegen 0.40/turn    (no ring)
MPRegen 0.11/turn

%: no passive effects
@: berserking (expiring), lethally poisoned (-7 -> -11), very quick
A: horns 2, retaliatory headbutt
a: Renounce Religion, Berserk, Trog's Hand


You were on level 8 of the Dungeon.
You worshipped Trog.
Trog was pleased with you.
You visited 1 branch of the dungeon, and saw 8 of its levels.

You collected 494 gold pieces.
You spent 307 gold pieces at shops.

Inventory:

Hand Weapons
 a - a +3 heavy broad axe (weapon)
   (You acquired it on level 8 of the Dungeon)
 i - a +0 trident
   (You took it off an orc on level 4 of the Dungeon)
 q - a +0 hand axe
 y - a +0 heavy mace
   (You took it off an orc on level 5 of the Dungeon)
 D - the +1 lajatang "Rion" {flame, rElec rPois Will+}
   (You acquired it on level 4 of the Dungeon)

   rElec:     It insulates you from electricity.
   rPois:     It protects you from poison Will+: It increases your willpower.
 G - a +4 battleaxe
   (You took it off a wight on level 6 of the Dungeon)
Missiles
 h - 16 poisoned darts (quivered)
 Q - 60 stones
Armour
 j - a +0 chain mail
   (You found it on level 2 of the Dungeon)
 v - a +2 ring mail of fire resistance (worn)
   (You took it off an orc on level 5 of the Dungeon)
Jewellery
 g - a ring of ice
   (You found it on level 3 of the Dungeon)
 r - the ring "Zotz" (left hand) {Fire rPois rN+ Str-2 Dex+2}
   (You acquired it on level 4 of the Dungeon)

   [ring of fire]

   Fire:      It enhances your fire magic.
   Str-2:     It affects your strength (-2).
   Dex+2:     It affects your dexterity (+2).
   rF+:       It protects you from fire.
   rC-:       It makes you vulnerable to cold.
   rPois:     It protects you from poison rN+: It protects you from negative
   energy.
Wands
 f - a wand of flame (4)
   (You found it on level 6 of the Dungeon)
 k - a wand of quicksilver (5)
   (You found it on level 4 of the Dungeon)
 u - a wand of paralysis (11)
   (You found it on level 5 of the Dungeon)
 E - a wand of polymorph (4)
   (You found it on level 7 of the Dungeon)
Scrolls
 c - 2 scrolls of poison
 e - a scroll of enchant armour
 m - a scroll of torment {!r}
 n - 2 scrolls of noise {!r}
 o - 3 scrolls of blinking
 p - 2 scrolls of revelation
 t - 3 scrolls of teleportation {@r4}
 w - a scroll of immolation {!r}
 z - 2 scrolls of brand weapon {unknown}
 A - 3 scrolls of amnesia {unknown}
 B - a scroll of fog
Potions
 b - a potion of lignification {unknown}
 d - 3 potions of curing {@q1}
 l - 5 potions of enlightenment {unknown}
 s - a potion of might
 x - a potion of heal wounds {@q2}
 C - 2 potions of haste {unknown}
 F - a potion of mutation {unknown}


   Skills:
 + Level 7.9 Fighting
 * Level 7.7 Axes
 - Level 7.1 Staves
 - Level 2.4 Armour
 - Level 2.1 Dodging
 * Level 7.5 Stealth


You had 8 spell levels left.
You didn't know any spells.
Your spell library was empty.

Dungeon Overview and Level Annotations

Branches:
Dungeon (8/15) Zot: 26934  Temple (0/1) D:7
   Lair: D:8-11

Altars:
Dithmenos
Gozag
Hepliaklqana
Okawaru
Sif Muna
Yredelemnul
The Shining One

Shops:
D:3 (   D:4 ?   D:5 !

Annotations:
D:3 1 runed translucent door, Elion's ghost, amateur DrWr
D:8 Grum


Innate Abilities, Weirdness & Mutations

You have a pair of horns on your head.
You reflexively headbutt those who attack you in melee.


Message History

Grum barely misses you. The water moccasin bites you.
The wolf closely misses you. You furiously retaliate!
You headbutt the wolf.
A red film seems to cover your vision as you go berserk!
You feel yourself moving faster!
You feel mighty! The wolf bites you.
The water moccasin bites you but does no damage.
The wolf closely misses you. You furiously retaliate!
You headbutt the wolf.
You kill the wolf!
Trog accepts your kill.
Grum hits you from afar with a -1 spear.
The wolf bites you but does no damage.
You barely miss the water moccasin.
Your headbutt misses the water moccasin.
You slash the wolf!
You kill the wolf!
Trog accepts your kill.
The water moccasin bites you but does no damage.
Grum hits you from afar with a -1 spear.
The water moccasin bites you.
* * * LOW HITPOINT WARNING * * *
Grum closely misses you.
You closely miss the water moccasin.
Your headbutt misses the water moccasin.
The water moccasin bites you but does no damage.
The water moccasin barely misses you. Grum hits you but does no damage.
You miss the water moccasin. You punch the water moccasin.
Your skin stops crawling.
You feel less strong-willed. The water moccasin bites you.
* * * LOW HITPOINT WARNING * * *
You are poisoned.
The water moccasin poisons you! Grum completely misses you.
You barely miss the water moccasin.
You feel very sick. The water moccasin barely misses you.
The water moccasin bites you!
* * * LOW HITPOINT WARNING * * *
Grum hits you from afar with a -1 spear!
* * * LOW HITPOINT WARNING * * *
You hit the water moccasin.
You feel sick. The water moccasin bites you.
* * * LOW HITPOINT WARNING * * *
Grum hits you from afar with a -1 spear.
* * * LOW HITPOINT WARNING * * *
The water moccasin bites you but does no damage.
You chop the water moccasin into pieces!!!
You kill the water moccasin!
Trog accepts your kill.
You feel sick. Grum completely misses you.
Grum hits you from afar with a -1 spear!
* * * LOW HITPOINT WARNING * * *
* * * LOW HITPOINT WARNING * * *
You feel sick. Grum hits you with a -1 spear!
You die...

... #.#.#
##.#.##########.###.#.##
.?......................
#... ..... ...###.#.##
###.#.####.#########.#.#
........)............#.##
........).....########...
###..).......# ####
#...)@.....#
.........g....<#
###............#
#..........#.#
#...######.#.# #### ...
... ..


You could see Grum.

Vanquished Creatures
  A wyvern (D:5)
  2 water moccasins
  3 ice beasts (D:7)
  A sky beast (D:6)
  2 black bears
  2 ogres
  3 wolves (D:8)
  A phantom (D:4)
  2 kobold brigands
  A bullfrog (D:7)
  3 scorpions
  A jelly (D:6)
  5 wights
  A howler monkey (D:7)
  2 orc priests
  7 hounds
  2 sleepcaps
  Jessica (D:3)
  5 iguanas
  2 orc wizards
  7 gnolls
  6 adders
  A shadow imp (D:6)
  An ufetubus (D:6)
  A worm (D:2)
  3 dart slugs
  13 orcs
  4 endoplasms
  3 giant cockroaches (D:4)
  8 goblins
  6 hobgoblins
  5 quokkas
  12 ball pythons
  10 bats
  2 frilled lizards
  12 kobolds
  6 rats
147 creatures vanquished.

Notes
Turn   | Place    | Note
-------+----------+-------------------------------------------
     0 | D:1      | Pooter the Minotaur Berserker began the quest for the Orb.
     0 | D:1      | Reached XP level 1. HP: 19/19 MP: 0/0
   226 | D:1      | Reached XP level 2. HP: 27/27 MP: 1/1
   428 | D:1      | Reached skill level 1 in Stealth
  1083 | D:2      | Reached XP level 3. HP: 33/33 MP: 2/2
  1366 | D:2      | Reached ** piety under Trog
  1680 | D:3      | Reached XP level 4. HP: 18/40 MP: 3/3
  1691 | D:3      | Reached skill level 5 in Axes
  1698 | D:3      | Noticed Jessica
  1712 | D:3      | Killed Jessica
  1713 | D:3      | Reached XP level 5. HP: 41/47 MP: 4/4
  2222 | D:3      | Found a shimmering blue altar of Sif Muna.
  2285 | D:3      | Found Ucathrom's Weapon Emporium.
  2493 | D:3      | Found a runed translucent door.
  2493 | D:3      | Noticed Elion's ghost (amateur DrWr)
  2717 | D:4      | Noticed an ogre
  2726 | D:4      | Killed an ogre
  2727 | D:4      | Reached XP level 6. HP: 55/55 MP: 5/5
  2776 | D:4      | Found Mealaul's Magic Scroll Shoppe.
  2791 | D:4      | Bought a scroll of revelation for 75 gold pieces
  2791 | D:4      | Bought a scroll of identify for 20 gold pieces
  2869 | D:4      | Found a glowing golden altar of the Shining One.
  2900 | D:4      | Reached skill level 5 in Fighting
  2936 | D:4      | Found an opulent altar of Gozag.
  3087 | D:4      | Identified a scroll of acquirement
  3088 | D:4      | Acquired the +1 lajatang "Rion" {flame, rElec rPois Will+}
  3229 | D:4      | Acquired the ring "Zotz" {Fire rPois rN+ Str-2 Dex+2}
  3411 | D:5      | Entered Level 5 of the Dungeon
  3425 | D:5      | Reached skill level 1 in Staves
  3634 | D:5      | Found Ohyusm's Distillery.
  3642 | D:5      | Bought a potion of curing for 33 gold pieces
  3642 | D:5      | Bought a potion of might for 44 gold pieces
  3688 | D:5      | Reached XP level 7. HP: 59/61 MP: 6/6
  3912 | D:5      | Noticed a wyvern
  3922 | D:5      | Killed a wyvern
  4036 | D:4      | Bought a scroll of immolation for 40 gold pieces
  4113 | D:5      | Found a basalt altar of Yredelemnul.
  4272 | D:5      | Found a shadowy altar of Dithmenos.
  4355 | D:5      | Bought a potion of heal wounds for 55 gold pieces
  4484 | D:5      | Reached skill level 5 in Stealth
  4884 | D:4      | Bought a scroll of poison for 40 gold pieces
  4926 | D:6      | Reached XP level 8. HP: 70/70 MP: 7/7
  5374 | D:6      | Reached skill level 5 in Staves
  5575 | D:6      | Found a hazy altar of Hepliaklqana.
  6349 | D:7      | Reached XP level 9. HP: 30/79 MP: 8/8
  6606 | D:7      | Found a staircase to the Ecumenical Temple.
  6923 | D:7      | Found an iron altar of Okawaru.
  7398 | D:8      | Acquired a +3 heavy broad axe
  7434 | D:8      | Noticed Grum
  7446 | D:8      | HP: 4/121 [Grum/-1 spear (15)]
  7447 | D:8      | Mangled by Grum

Illustrated notes

Levels and vault maps discovered:
D:1:      eino_arrival_tree_alley, layout_loops_ring
D:2:      layout_basic
D:3:      layout_basic, nicolae_sif_muna_little_library, serial_shops, shop,
          ebering_ghost_reflecting_pool, uniq_jessica
D:4:      layout_rooms, grunt_gozag_breadcrumbs,
          mainiacjoe_overflow_concentric_impassable, serial_shops, shop,
          minivault_27, minmay_misc_feat_plants
D:5:      layout_basic, jmf_multi_god_temple, serial_shops, shop,
          grunt_decor_cap, nicolae_sextant, minmay_crossroads
D:6:      layout_basic, overflow_temple_1_default, hex_large
D:7:      layout_gridville, mainiacjoe_overflow_surrounded_room,
          minmay_temple_entry_enclosed_plants
D:8:      minmay_recursive_quarters, layout_basic, david_lair_shrubbed,
          uniq_grum

Skill      XL: |  1  2  3  4  5  6  7  8  9 |
---------------+----------------------------+-----
Axes           | 4 5 6 7 |  7.7
Stealth        | 1 2 3 4 5 6 7 |  7.5
Fighting       | 4 5 6 7 |  7.9
Staves         | 1 4 6 7 |  7.1
Armour         | |  2.4
Dodging        | |  2.1

Action                     |  1- 3 |  4- 6 |  7- 9 || total
---------------------------+-------+-------+-------++-------
  Melee: Hand axe          |    83 |   102 |       ||   185
         Headbutt          |    12 |    15 |    16 ||    43
         Lajatang          |       |    21 |    75 ||    96
         Battleaxe         |       |       |    27 ||    27
         Broad axe         |       |       |    13 ||    13
         Punch             |       |       |     1 ||     1
  Throw: Dart              |       |    10 |     5 ||    15
 Invoke: Trog's Hand       |     1 |     2 |     4 ||     7
         Berserk           |     1 |     2 |     9 ||    12
  Evoke: Wand              |       |       |     7 ||     7
    Use: Scroll            |     5 |     5 |     1 ||    11
   Stab: Sleeping          |     2 |       |     2 ||     4
 Armour: Animal skin       |    16 |       |       ||    16
         Chain mail        |    39 |   108 |       ||   147
         Ring mail         |       |       |   131 ||   131
  Dodge: Dodged            |    54 |    44 |    79 ||   177

Table legend: (Time is in decaauts)
 A = Elapsed time spent in this place.
 B = Non-inter-level travel time spent in this place.
 C = Inter-level travel time spent in this place.
 D = Time resting spent in this place.
 E = Time spent auto-exploring this place.
 F = Levels seen in this place.
 G = Mean time per level.
                   A        B        C        D        E       F      G
               +--------+--------+--------+--------+--------+-----+--------+
         Total |   7612 |   7102 |    510 |   1576 |   4324 |   8 |  951.5 |
       Dungeon |   7612 |   7102 |    510 |   1576 |   4324 |   8 |  951.5 |
               +--------+--------+--------+--------+--------+-----+--------+

Top non-repeatable levels by time:
     D:5: 1372 daAuts
     D:7: 1347 daAuts
     D:6: 1276 daAuts
     D:3: 1050 daAuts
     D:4: 968 daAuts
     D:1: 825 daAuts
     D:2: 706 daAuts
     D:8: 65 daAuts
